 Dungeon Crawl Stone Soup version 0.30-a0-726-gd89dcf765f (webtiles) character file.

Game seed: 15324382124228380412

244 HoaS the Shooter (level 6, -7/35 HPs)
             Began as a Gargoyle Hunter on Jan 29, 2023.
             Was a Follower of Zin.
             Mangled by a kobold
             ... wielding a +0 whip of distortion
              (21 damage)
             ... on level 3 of the Dungeon.
             The game lasted 00:06:08 (2423 turns).

HoaS the Shooter (Gargoyle Hunter)                  Turns: 2423, Time: 00:06:09

Health: -7/35      AC:  8    Str: 15    XL:     6   Next: 10%
Magic:  6/6        EV: 16    Int:  9    God:    Zin [*.....]
Gold:   136        SH:  0    Dex: 15    Spells: 5/5 levels left

rFire   + . .      SeeInvis .    a - +0 shortbow (freeze)
rCold   + . .      Faith    .    (shield currently unavailable)
rNeg    + . .      Spirit   .    c - +1 leather armour
rPois   ∞          Reflect  .    (no helmet)
rElec   +          Harm     .    e - scarf {rC+ rF+}
rCorr   .          Rampage  .    (no gloves)
Will    .....                    (no boots)
Stlth   ++                       (no amulet)
HPRegen 0.25/turn                i - +5 ring of evasion
MPRegen 0.10/turn                (no ring)

@: no status effects
A: sickness immunity, AC +4, negative energy resistance 1, electricity
resistance, torment resistance 1, petrification resistance
a: Renounce Religion, Recite, Donate Gold


You were on level 3 of the Dungeon.
You worshipped Zin.
Zin was aware of your devotion.
You visited 1 branch of the dungeon, and saw 3 of its levels.
You also visited: Sewer.

You collected 151 gold pieces.
You donated 15 gold pieces to Zin.

Inventory:

Hand Weapons
 a - a +0 shortbow of freezing (weapon)
Armour
 c - a +1 leather armour (worn)
 e - a scarf of resistance (worn)
Jewellery
 i - a +5 ring of evasion (left hand)
Wands
 h - a wand of polymorph (8)
Scrolls
 b - a scroll of immolation
 g - a scroll of teleportation
Potions
 d - 2 potions of heal wounds
 f - 2 potions of attraction
 j - 2 potions of might {unknown}
 k - a potion of brilliance {unknown}
 l - 2 potions of curing
 m - 2 potions of flight


   Skills:
 - Level 2.1 Fighting
 * Level 7.1 Ranged Weapons
 - Level 1.5 Dodging
 - Level 1.1 Stealth
 + Level 0.3 Invocations


You had 5 spell levels left.
You didn't know any spells.
Your spell library contained the following spells:

 Spells                   Type           Power      Damage    Failure   Level
 Freeze                   Ice            0%         1d3       45%         1
 Frozen Ramparts          Ice            0%         1d1       83%         3
 Hailstorm                Conj/Ice       0%         3d3       83%         3


Dungeon Overview and Level Annotations

Branches:
Dungeon (3/15)              Sewer (visited)

Altars:
Lugonu

Portals:
Abyss: D:3


Innate Abilities, Weirdness & Mutations

You are immune to sickness and miasma.
Your stone body is resilient. (AC +4)
You are immune to poison.
You resist negative energy. (rN+)
You are resistant to electric shocks. (rElec)
You are resistant to unholy torment.
You are immune to petrification.


Message History

r - Retreat! s - Stop attacking. g - Guard the area. f - Follow me.
Anything else - Cancel.
You shout for attention!
What are your orders? t - Shout!
Orders for allies: a - Attack new target. r - Retreat! s - Stop attacking. g - Guard the area. f - Follow me.
Anything else - Cancel.
You shout for attention!
What are your orders? t - Shout!
Orders for allies: a - Attack new target. r - Retreat! s - Stop attacking. g - Guard the area. f - Follow me.
Anything else - Cancel.
Okay, then.
No reachable target in view!
No reachable target in view!
No reachable target in view!
As you open the large door, it creaks loudly!
You shoot an arrow. The arrow misses the kobold.
The kobold completely misses you. The kobold hits you but does no damage.
Space warps horribly around you!!
Ouch! That really hurt!
The kobold misses you.
You are too injured to fight recklessly!
You are too injured to fight recklessly!
You are too injured to fight recklessly!
You are too injured to fight recklessly!
You are too injured to fight recklessly!
You are too injured to fight recklessly!
You shoot an arrow. The arrow hits the kobold.
The arrow freezes the kobold.
You kill the kobold!
The kobold hits you but does no damage. The kobold misses you.
You shoot an arrow. The arrow closely misses the kobold.
The kobold hits you but does no damage. Space warps horribly around you!!
Ouch! That really hurt!
You die...

......##
#..#####.#### #.
.......# #..#
#.########.
######## #..#
#........#.
#..#***#######.##.
#..#*,## #.##.
##..#*..##* #.###
#..##.)...****#....
#.)K....§.**,*##.##
#.@K...§§.*,,,#..#
#####.§§§§§§K$#..#
*#.§.##§..#.##
*#..###.#### *###
##*


You could see 2 kobolds.

Vanquished Creatures
  A kobold brigand (Sewer)
  An orc priest (D:3)
  Ijyb (D:3)
  3 adders
  A river rat (Sewer)
  A dart slug (D:3)
  3 orcs
  6 ball pythons
  8 endoplasms
  3 giant cockroaches (D:2)
  9 goblins
  8 hobgoblins
  4 jackals (D:1)
  3 quokkas
  A bat (D:3)
  3 frilled lizards
  14 kobolds
  9 rats
79 creatures vanquished.

Notes
Turn   | Place    | Note
-------+----------+-------------------------------------------
     0 | D:1      | HoaS the Gargoyle Hunter began the quest for the Orb.
     0 | D:1      | Reached XP level 1. HP: 12/12 MP: 1/1
    30 | D:1      | Reached XP level 2. HP: 15/17 MP: 2/2
   250 | D:1      | Found a faded altar of an unknown god.
   407 | D:2      | Reached XP level 3. HP: 21/21 MP: 3/3
   556 | D:2      | Reached skill level 5 in Ranged Weapons
   811 | D:2      | Reached XP level 4. HP: 26/26 MP: 4/4
  1261 | D:3      | Noticed Ijyb
  1262 | D:3      | Reached skill level 6 in Ranged Weapons
  1349 | D:3      | Killed Ijyb
  1350 | D:3      | Reached XP level 5. HP: 28/30 MP: 5/5
  1472 | D:3      | Found a glowing drain.
  1483 | Sewer    | Entered a sewer
  1558 | Sewer    | Noticed a kobold brigand
  1582 | Sewer    | Killed a kobold brigand
  1583 | Sewer    | Reached skill level 7 in Ranged Weapons
  1597 | Sewer    | Reached XP level 6. HP: 35/35 MP: 6/6
  1633 | Sewer    | Found a glowing silver altar of Zin.
  1703 | Sewer    | Became a worshipper of Zin the Law-Giver
  1703 | Sewer    | Reached * piety under Zin
  2170 | D:3      | Found a one-way gate to the infinite horrors of the Abyss.
  2221 | D:3      | Found a large runed translucent door.
  2221 | D:3      | Found a large runed translucent door.
  2226 | D:3      | Found a corrupted altar of Lugonu.
  2423 | D:3      | Mangled by a kobold

Illustrated notes

Levels and vault maps discovered:
D:1:      minmay_arrival_three_doors, layout_rooms, basic_ecumenical_altar,
          minmay_misc_feat_doors
D:2:      layout_loops_ring, serial_park_tiny_1
D:3:      due_chaos_kobolds, layout_basic, portal_sewer_entry_a, uniq_ijyb

Skill      XL: |  1  2  3  4  5 |
---------------+----------------+-----
Ranged Weapons | 5 6 7 |  7.1
Fighting       | |  2.1
Dodging        | |  1.5
Stealth        | |  1.1
Invocations    | |  0.3

Action                     |  1- 3 |  4- 6 || total
---------------------------+-------+-------++-------
  Melee: Unarmed           |       |    28 ||    28
   Fire: Shortbow          |    85 |   133 ||   218
    Use: Scroll            |     5 |     5 ||    10
 Armour: Leather armour    |    22 |    15 ||    37
         Skin              |       |    24 ||    24
  Dodge: Dodged            |    26 |    77 ||   103

Table legend: (Time is in decaauts)
 A = Elapsed time spent in this place.
 B = Non-inter-level travel time spent in this place.
 C = Inter-level travel time spent in this place.
 D = Time resting spent in this place.
 E = Time spent auto-exploring this place.
 F = Levels seen in this place.
 G = Mean time per level.
                   A        B        C        D        E       F      G
               +--------+--------+--------+--------+--------+-----+--------+
         Total |   2519 |   2444 |     75 |    121 |   1672 |   4 |  629.8 |
       Dungeon |   2178 |   2103 |     75 |    115 |   1528 |   3 |  726.0 |
         Sewer |    341 |    341 |      0 |      6 |    144 |   1 |  341.0 |
               +--------+--------+--------+--------+--------+-----+--------+

Top non-repeatable levels by time:
     D:3: 1007 daAuts
     D:2: 642 daAuts
     D:1: 528 daAuts
   Sewer: 341 daAuts
